 Dungeon Crawl Stone Soup version 0.32-a0-540-g866d13106e (webtiles) character file.

Game seed: 16894798540546973827

258 holysushi the Slasher (level 6, -9/47 HPs)
             Began as a Coglin Monk on Feb 29, 2024.
             Was a Believer of Okawaru.
             Mangled by a wight
             ... wielding a +1 mace of freezing
              (13 damage)
             ... on level 3 of the Dungeon.
             The game lasted 00:04:59 (3633 turns).

holysushi the Slasher (Coglin Monk)                 Turns: 3633, Time: 00:04:59

Health: -9/47      AC:  2    Str: 11    XL:     6   Next: 16%
Magic:  6/6        EV: 14    Int: 10    God:    Okawaru [**....]
Gold:   126        SH:  0    Dex: 18    Spells: 5/5 levels left

rFire   . . .        a - +0 falchion {Sukanya}
rCold   . . .        d - orb {light}
rNeg    . . .        b - +0 robe
rPois   .            (no helmet)
rElec   .            (no cloak)
rCorr   .            (no gloves)
SInv    .            (no boots)
Will    .....        (no amulet)
Stlth   +            (ring unavailable)
HPRegen 0.27/turn    (ring unavailable)
MPRegen 0.10/turn

%: no passive effects
@: glowing, revved
A: off-hand wielding, slow wielding, warmup strikes, no rings
a: Renounce Religion, Heroism


You were on level 3 of the Dungeon.
You worshipped Okawaru.
Okawaru was pleased with you.
You visited 1 branch of the dungeon, and saw 4 of its levels.

You collected 204 gold pieces.
You spent 78 gold pieces at shops.

Inventory:

Hand Weapons
 a - a +0 falchion (weapon) {Sukanya}
Missiles
 n - 6 atropa-tipped darts (quivered)
Armour
 b - a +0 robe (worn)
 d - an orb of light (worn)
Jewellery
 e - an amulet of magic regeneration
Scrolls
 f - a scroll of fear {unknown}
 g - a scroll of enchant armour
 i - a scroll of poison
 k - a scroll of revelation {unknown}
 m - a scroll of immolation {unknown}
 o - a scroll of brand weapon {unknown}
 p - a scroll of noise {unknown}
 q - a scroll of acquirement {unknown}
 r - a scroll of torment {unknown}
 u - a scroll of enchant weapon {unknown}
 y - a scroll of identify
Potions
 c - 2 potions of ambrosia
 j - 2 potions of curing
 l - a potion of resistance {unknown}
 t - a potion of berserk rage {unknown}
 v - a potion of haste {unknown}
 w - a potion of attraction {unknown}
 x - a potion of brilliance {unknown}
 z - 2 potions of might {unknown}


   Skills:
 - Level 3.2 Fighting
 + Level 5.3 Long Blades
 + Level 4.2 Dodging
 + Level 0.4 Invocations


You had 5 spell levels left.
You didn't know any spells.
Your spell library contained the following spells:

 Spells                   Type           Power      Damage    Failure   Level
 Ozocubu's Armour         Ice            0%         N/A       75%         3
 Metabolic Englaciation   Hex/Ice        0%         N/A       100%        5
 Sculpt Simulacrum        Ice/Alch       Unusable   N/A       N/A         6

Dungeon Overview and Level Annotations

Branches:
Dungeon (4/15) Zot: 20345
 Temple: D:4-7

Altars:
Ashenzari
Hepliaklqana
Nemelex Xobeh
Okawaru
Ru
Vehumet

Shops:
D:3 *


Innate Abilities, Weirdness & Mutations

You can wield a second weapon in your off-hand.
It takes a long time for you to wield or remove held weapons.
Your first few attacks do less damage.
Your grasper-arms cannot wear rings.


Message History

The floor.
This square is lit by a halo.
There is a stone staircase leading up here.
The wight hits you with a +1 mace of freezing!
The wight freezes you.
You climb upwards.
There is a stone staircase leading down, spattered with blood here.
You hit the wight but do no damage. The wight barely misses you.
You hit the wight.
The wight is lightly damaged.
The wight misses you.
You hit the wight but do no damage.
The wight is lightly damaged.
The wight closely misses you.
You hit the wight.
The wight is heavily damaged.
The wight barely misses you.
You barely miss the wight.
The wight is heavily damaged.
The wight misses you.
You hit the wight.
The wight is severely damaged.
The wight misses you.
You hit the wight but do no damage.
The wight is severely damaged.
The wight misses you. The wight closely misses you.
You hit the wight.
The wight is severely damaged.
The wight hits you with a +1 mace of freezing!
The wight freezes you.
You hit the wight.
The wight is almost destroyed.
The wight hits you with a +1 mace of freezing!
* * * LOW HITPOINT WARNING * * *
The wight freezes you.
* * * LOW HITPOINT WARNING * * *
You hit the wight but do no damage.
The wight is almost destroyed.
The wight hits you with a +1 mace of freezing!
You die...

#####.#.##.. #........
##.##.##.. ######### #.....##..
#.......# ##.⌠.⌠##.. #.#####.#
#...∩..#.. #.#...#.# #####
####..⌠.⌠.... #.#.....#
###.).###.##....#.##. #.#...#.#
#...@......#.##...... #.##.##.#
#..#z........####.##.
##..)....###..#.#.....^.####.##.
#...).##.........#...........##.
#.###.######.#####.÷....#######.
#.# #.# #............# #.
#.###.# ############.##### #.
#.....# #.....# #......#####.
###.### #.....#####..##.÷......


You could see a wight.

Vanquished Creatures
  An ogre (D:4)
  3 gnolls
  6 adders
  A ribbon worm (D:4)
  A dart slug (D:1)
  An orc (D:4)
  9 bats
  5 endoplasms
  A giant cockroach (D:2)
  7 goblins
  6 hobgoblins
  9 jackals
  6 quokkas
  6 ball pythons
  5 frilled lizards
  10 kobolds
  5 rats
82 creatures vanquished.

Notes
Turn   | Place    | Note
-------+----------+-------------------------------------------
     0 | D:1      | holysushi the Coglin Monk began the quest for the Orb.
     0 | D:1      | Reached XP level 1. HP: 18/18 MP: 1/1
   111 | D:1      | Reached XP level 2. HP: 19/24 MP: 2/2
   391 | D:1      | You fall into a shaft and drop 1 floor!
   439 | D:2      | Reached XP level 3. HP: 29/29 MP: 3/3
   672 | D:2      | Reached skill level 4 in Long Blades
  1431 | D:2      | Found a faded altar of an unknown god.
  1575 | D:2      | Reached XP level 4. HP: 35/35 MP: 4/4
  1865 | D:3      | Found Zadoagoc's Assorted Antiques.
  1883 | D:3      | Bought a scroll labelled LAAPNA NIUHIEB for 21 gold pieces
  1883 | D:3      | Bought an emerald potion for 18 gold pieces
  1883 | D:3      | Bought a scroll labelled WOUFEL KOSTRET for 21 gold pieces
  1883 | D:3      | Bought a sedimented brown potion for 18 gold pieces
  2459 | D:3      | Found a sacrificial altar of Ru.
  2611 | D:3      | Reached XP level 5. HP: 38/41 MP: 5/5
  2791 | D:4      | Found a sparkling altar of Nemelex Xobeh.
  3030 | D:4      | Found a radiant altar of Vehumet.
  3034 | D:4      | Found a broken altar of Ashenzari.
  3036 | D:4      | Found an iron altar of Okawaru.
  3043 | D:4      | Found a hazy altar of Hepliaklqana.
  3066 | D:4      | Noticed an ogre
  3071 | D:4      | Became a worshipper of Warmaster Okawaru
  3071 | D:4      | Reached * piety under Okawaru
  3071 | D:4      | Reached ** piety under Okawaru
  3082 | D:4      | Killed an ogre
  3083 | D:4      | Reached skill level 5 in Long Blades
  3101 | D:4      | Reached XP level 6. HP: 17/47 MP: 6/6
  3633 | D:3      | Mangled by a wight

Illustrated notes

Levels and vault maps discovered:
D:1:      erik_arrival_triangle_large, layout_basic, minmay_stone_trees_medium
D:2:      layout_basic, shapermc_ecumenical_altar_mp_ritualfount
D:3:      layout_loops_cross, lemuel_coloured_pillars_altar, serial_shops,
          shop_fountains, minmay_misc_feat_room, roderic_roman_lattice
D:4:      layout_cave_pools, nemelex_xobeh_ov_fountains_minmay,
          general_overflow_altar, nicolae_overflow_quartered_altars,
          minmay_quadrilaterals

Skill      XL: |  1  2  3  4  5 |
---------------+----------------+-----
Long Blades    | 4 5 |  5.3
Dodging        | 3 4 |  4.2
Fighting       | |  3.2
Invocations    | |  0.4

Action                     |  1- 3 |  4- 6 || total
---------------------------+-------+-------++-------
  Melee: Falchion          |    89 |   143 ||   232
 Invoke: Heroism           |       |     1 ||     1
    Use: Scroll            |     2 |     4 ||     6
         Potion            |       |     3 ||     3
 Armour: Robe              |    44 |   102 ||   146
  Dodge: Dodged            |    81 |   129 ||   210

Table legend: (Time is in decaauts)
 A = Elapsed time spent in this place.
 B = Non-inter-level travel time spent in this place.
 C = Inter-level travel time spent in this place.
 D = Time resting spent in this place.
 E = Time spent auto-exploring this place.
 F = Levels seen in this place.
 G = Mean time per level.
                   A        B        C        D        E       F      G
               +--------+--------+--------+--------+--------+-----+--------+
         Total |   3653 |   3436 |    217 |    576 |   2116 |   4 |  913.2 |
       Dungeon |   3653 |   3436 |    217 |    576 |   2116 |   4 |  913.2 |
               +--------+--------+--------+--------+--------+-----+--------+

Top non-repeatable levels by time:
     D:3: 1331 daAuts
     D:2: 973 daAuts
     D:1: 873 daAuts
     D:4: 474 daAuts
